 Dungeon Crawl Stone Soup version 0.26-a0-667-g92642533e4 (webtiles) character file.

Game seed: 7110741430429246526

18 somkeydreadnuts the Shooter (level 2, 0/14 HPs)
             Began as a Spriggan Hunter on Oct 17, 2020.
             Slain by a kobold
             ... wielding a +0 dagger
              (2 damage)
             ... on level 1 of the Dungeon.
             The game lasted 00:03:50 (494 turns).

somkeydreadnuts the Shooter (Spriggan Hunter)        Turns: 494, Time: 00:03:51

Health: 0/14       AC:  2    Str:  8    XL:     2   Next: 48%
Magic:  3/3        EV: 18    Int: 12    God:
Gold:   27         SH:  0    Dex: 16    Spells: 1/1 levels left

rFire    . . .     SeeInvis +   b - +0 short sword
rCold    . . .     Faith    .   (shield restricted)
rNeg     . . .     Spirit   .   c - +0 robe
rPois    .         Reflect  .   (helmet restricted)
rElec    .         Harm     .   (no cloak)
rCorr    .         Rampage  .   (gloves unavailable)
MR       .....                  (boots unavailable)
Stlth    ++........             (no amulet)
HPRegen  0.04/turn              (no ring)
MPRegen  0.08/turn              (no ring)

@: very quick
A: very small, unfitting armour, see invisible, speed 3
a: no special abilities


You were on level 1 of the Dungeon.
You visited 1 branch of the dungeon, and saw 1 of its levels.

You collected 27 gold pieces.

Inventory:

Hand Weapons
 a - a +1 shortbow
 b - a +0 short sword (weapon)
 g - a +0 club
Missiles
 d - 19 arrows
Armour
 c - a +0 robe (worn)
Jewellery
 l - a cursed ring of teleportation {unknown}
Scrolls
 e - 2 scrolls of remove curse {unknown}
 i - a scroll of identify {unknown}
 j - a scroll of immolation {unknown}
 k - a scroll of magic mapping {unknown}
Potions
 f - a potion of heal wounds {unknown}
 h - 2 potions of flight {unknown}


   Skills:
 - Level 1.5 Fighting
 + Level 0.1 Short Blades
 - Level 5.1 Bows
 - Level 3.0 Dodging
 * Level 3.3 Stealth


You had one spell level left.
You didn't know any spells.
Your spell library was empty.

Dungeon Overview and Level Annotations

Branches:
Dungeon (1/15)

Altars:


Innate Abilities, Weirdness & Mutations

You are very small and have problems with some larger weapons.
You are too small for most types of armour.
You have supernaturally acute eyesight. (SInv)
You cover ground extremely quickly.


Message History

The hobgoblin is almost dead.
The hobgoblin hits you.
* * * LOW HITPOINT WARNING * * *
The kobold misses you.
You hit the hobgoblin but do no damage.
The hobgoblin is almost dead.
The hobgoblin hits you.
* * * LOW HITPOINT WARNING * * *
The kobold closely misses you.
You closely miss the hobgoblin.
The hobgoblin is almost dead.
The hobgoblin misses you. The kobold closely misses you.
The hobgoblin closely misses you.
You barely miss the hobgoblin.
The hobgoblin is almost dead.
The kobold closely misses you. The hobgoblin barely misses you.
You hit the hobgoblin.
You kill the hobgoblin!
The kobold hits you but does no damage. The kobold hits you with a +0 dagger.
You die...

>.........## ...........# ##
...........##.. ##
................. ##.
...............###### #..#
.................##.. #.
...........K.##.....# ###.
......#...@.........## #..#
#..#.......#...####..####†#
......................##)..
#..#......#..((.#.##..........##
#.............#.................
#............##....♣♣.♣♣........
#..#......#......♣♣♣♣.♣♣♣♣......
#............>.♣♣♣♣∩.∩♣♣♣♣.⌠...
#...#..#.......♣♣∩.....∩♣♣.....


You could see a kobold.

Vanquished Creatures
  A dart slug (D:1)
  A leopard gecko (D:1)
  3 bats (D:1)
  A giant cockroach (D:1)
  2 goblins (D:1)
  4 hobgoblins (D:1)
  A rat (D:1)
13 creatures vanquished.

Notes
Turn   | Place    | Note
-------+----------+-------------------------------------------
     0 | D:1      | somkeydreadnuts the Spriggan Hunter began the quest for the
                  | Orb.
     0 | D:1      | Reached XP level 1. HP: 10/10 MP: 2/2
    77 | D:1      | Reached skill level 5 in Bows
   261 | D:1      | Reached XP level 2. HP: 11/14 MP: 3/3
   494 | D:1      | Slain by a kobold

Illustrated notes

Levels and vault maps discovered:
D:1:      heliophobic_arrival_henge, layout_rooms, st_stairs_7,
          minmay_misc_feat_plants

Skill      XL: |  1  2 |
---------------+-------+-----
Bows           | 5 |  5.1
Stealth        | 2 3 |  3.3
Fighting       | |  1.5
Short Blades   | |  0.1
Dodging        | |  3.0

Action                   || total
-------------------------++-------
Melee: Short sword       ||    47
 Fire: Shortbow          ||    13
Armor: Robe              ||    11
Dodge: Dodged            ||    80

Table legend: (Time is in decaauts)
 A = Elapsed time spent in this place.
 B = Non-inter-level travel time spent in this place.
 C = Inter-level travel time spent in this place.
 D = Time resting spent in this place.
 E = Time spent auto-exploring this place.
 F = Levels seen in this place.
 G = Mean time per level.
                   A        B        C        D        E       F      G
               +--------+--------+--------+--------+--------+-----+--------+
         Total |    381 |    381 |      0 |      0 |    179 |   1 |  381.0 |
       Dungeon |    381 |    381 |      0 |      0 |    179 |   1 |  381.0 |
               +--------+--------+--------+--------+--------+-----+--------+

Top non-repeatable levels by time:
     D:1: 381 daAuts
